cohdb
Replays
Latest Replays
All Replays
Popular Replays
Top Player Replays
Match Explorer
How It Works
Community
CoH3 Stats
Reddit
Sign in to upload your games and track your stats! →
Sign in with Steam
Match 40603022
Unlisted
Match 40603022
Overview
Messages
Build Orders
End
Construct Section Command Post
Selects Heavy Armor Battlegroup
Dingo Light Scout Car
Vickers Machine Gun Team
Infantry Section
Infantry Section
Construct Platoon Command Post
Selects Rigorous Vehicle Training
Humber Armored Car
Humber Armored Car
Infantry Section
Selects Light Vehicle Withdraw and Refit
Selects UNKNOWN (202330)
AUS Potato
Steiner BG
KevinTDW
Chank Bulkhead
0
0
Comments
sign in to comment!
No comments posted yet!